[Event "TOP 12 FEMININ 2022 - Phase 1"]
[Site "MULHOUSE, France"]
[Date "2022.04.07"]
[Round "1.1"]
[White "VEGA GUTTIERREZ  MUL, Sabrina"]
[Black "CRAMLING MON, Pia"]
[Result "1-0"]
[TimeControl "90 min +30 secondes par coup"]
[WhiteElo "2385"]
[BlackElo "2454"]

1. e4 c5 2. Nf3 e6 3. d4 cxd4 4. Nxd4 a6 5. Bd3 Bc5 6. Nb3 Ba7 7. Nc3 Nc6 8. Qe2 d6 9. Be3 Nge7 10.
O-O-O b5 11. f4 b4 12. Nb1 a5 13. Bb5 O-O 14. a4 Qc7 15. g4 Bxe3+ 16. Qxe3 Na7 17. Nd4 Qc5 18. Rhe1 Bb7 19.
Bd3 e5 20. fxe5 dxe5 21. Nb3 Qxe3+ 22. Rxe3 Bc6 23. Nxa5 Bxa4 24. Nc4 Nac6 25. Nb6 Ra5 26. b3 Bb5 27. Bxb5 Rxb5 28. Nd5 Ng6 29.
Nd2 Na5 30. Kb2 Nf4 31. Nc4 Nxc4+ 32. bxc4 Rc5 33. Rb3 Rxc4 34. Nxb4 Rxe4 35. Nc6 Ng6 36. h3 Rc4 37. Rd6 Rc8 38.
Rb6 Kf8 39. Kb3 Rc5 40. c4 Ne7 41. Nb8 Rxc4 42. Nd7+ Kg8 43. Nxe5 Rc3+ 44. Kb4 Re3 45. Rb5 Ng6 46. Nxg6 hxg6 47.
Rd7 Rxh3 48. Rbb7 Rf3 49. g5 Rf4+ 50. Kb3 Rf5 51. Kb4 Re8 52. Kc4 Ra8 53. Kd4 Ra3 54. Rb8+ Kh7 55. Rdd8 Rf4+ 56. Ke5 Rf5+ 57. Kd4 Rf4+ 58.
Ke5 Rf5+ 59. Ke4 Ra4+ 60. Kd3 Rf3+ 1-0

[Event "TOP 12 FEMININ 2022 - Phase 1"]
[Site "MULHOUSE, France"]
[Date "2022.04.07"]
[Round "1.2"]
[White "SKRIPCHENKO MON, Almira"]
[Black "NAVROTESCU  MUL, Andreea"]
[Result "1/2-1/2"]
[TimeControl "90 min +30 secondes par coup"]
[WhiteElo "2395"]
[BlackElo "2275"]

1. e4 e6 2. d4 d5 3.
exd5 exd5 4. Nf3 c5 5. Bb5+ Nc6 6. O-O Bd6 7. c4 a6 8. Ba4 Nge7 9. cxd5 Nxd5 10. Bg5 f6 11. dxc5 Bxc5 12.
Qc2 Qb6 13. Rc1 Be7 14. Qe4 Qb4 15. Qxd5 Qxa4 16. Be3 Qb5 17. Qxb5 axb5 18. Nc3 Be6 19. Nxb5 Rxa2 20. Rxa2
Bxa2 21. Ra1 Bc4 22. Ra8+ Nd8 23. Ra1 1/2-1/2

[Event "TOP 12 FEMININ 2022 - Phase 1"]
[Site "MULHOUSE, France"]
[Date "2022.04.07"]
[Round "1.3"]
[White "HAUSSERNOT  MUL, Cecile"]
[Black "LECONTE  MON, Maria"]
[Result "1-0"]
[TimeControl "90 min +30 secondes par coup"]
[WhiteElo "2108"]
[BlackElo "2240"]

1. e4 c6 2. d4 d5 3. e5 c5 4. dxc5 Nc6 5. Nf3 Bg4 6. c3 e6 7. Be3 a6 8. Nbd2 Nxe5 9. Be2 Bxf3 10.
Nxf3 Nxf3+ 11. Bxf3 Nf6 12. O-O Qc7 13. b4 Be7 14. Re1 O-O 15. Bd4 Rad8 16. a4 Rfe8 17. Be5 Qd7 18. Qd4 Rc8 19.
a5 Red8 20. Rad1 Qb5 21. Be2 Qc6 22. Rd3 Ne8 23. Rg3 f6 24. Bd3 fxe5 25. Qxe5 Bf8 26. Ree3 Qd7 27. Ref3 Qe7 28. Qh5 g6 29.
Rxg6+ Kh8 30. Qxh7+ 1-0

[Event "TOP 12 FEMININ 2022 - Phase 1"]
[Site "MULHOUSE, France"]
[Date "2022.04.07"]
[Round "1.4"]
[White "DORNBUSCH MON, Tatiana"]
[Black "RICHARD  MUL, Emma"]
[Result "1-0"]
[TimeControl "90 min +30 secondes par coup"]
[WhiteElo "2245"]
[BlackElo "2144"]

1. d4 Nf6 2. Bg5 e6 3. e4 h6 4. Bxf6 Qxf6 5. Nf3 d6 6. Nc3 Qe7 7. Bd3 g6 8. O-O Bg7 9. e5 O-O 10.
Qe2 d5 11. h4 c5 12. dxc5 Qxc5 13. Nb5 Nd7 14. c3 a6 15. Nbd4 Qe7 16. Rae1 Re8 17. Bb1 b5 18. h5 gxh5 19.
Qd3 Nf8 20. Ne2 Ng6 21. Ng3 h4 22. Nh5 Bb7 23. Qd4 Rec8 24. Bd3 Rc4 25. Bxc4 dxc4 26. Nf6+ Bxf6 27. exf6 Qd8 28. Rd1 Qxd4 29.
Nxd4 Nf4 30. g3 Nd5 31. gxh4 Nxf6 32.
f3 Kh7 33. Kf2 Nd5 34. Ne2 Kg6 35. Rg1+ Kf6 36. Rg4 Ke7 37. Rg7 Nf6 38. Nf4 e5 39. Re1 Kf8 40. Ne6+ Ke7 41. Nc5 Bc8 42.
b4 cxb3 43. axb3 Kd6 44. Rxf7 Nd5 45. Ne4+ Ke6 46. Rh7 Nf4 47. Rd1 Kf5 48. Rxh6 1-0

[Event "TOP 12 FEMININ 2022 - Phase 1"]
[Site "MULHOUSE, France"]
[Date "2022.04.07"]
[Round "1.5"]
[White "AUVRAY 608, Juliette"]
[Black "BEREND VAN, Elvira"]
[Result "0-1"]
[TimeControl "90 min +30 secondes par coup"]
[WhiteElo "1976"]
[BlackElo "2323"]

1. e4 c5 2. Nf3 e6 3. d4 cxd4 4. Nxd4 Nc6 5. Nc3 a6 6. Be3 Nf6 7. Be2 d6 8. Qd2 Qc7 9. g4 Nxd4 10.
Qxd4 b5 11. g5 Nd7 12. a3 Ne5 13. f4 Nc6 14. Qd2 Rb8 15. O-O Bb7 16. Rad1 Na5 17. Qe1 Nc4 18. Bc1 Rc8 19. Rd3 Qb6+ 20.
Kg2 Qc5 21. Bf3 Be7 22. h4 a5 23. b3 Nxa3 24. Rf2 b4 25. Bxa3 bxa3 26. Na4 Qb4 27. Qa1 O-O 28. Rd4 Qb5 29.
Qxa3 e5 30. Rdd2 exf4 31. Qb2 f6 32. c4 Qb4 33. g6 hxg6 34. Qc2 f5 35. h5 fxe4 36. Bxe4 gxh5 37. Bd5+ Bxd5+ 38. Rxd5 f3+ 39.
Kh2 Rf4 40. Rxh5 Qe1 41. Qh7+ Kf7 42. Rf5+ Bf6 43. Kg3 Rh8 44. Rxf6+ Rxf6 45. Qxh8 Qg1+ 0-1

[Event "TOP 12 FEMININ 2022 - Phase 1"]
[Site "MULHOUSE, France"]
[Date "2022.04.07"]
[Round "1.6"]
[White "SAVINA VAN, Anastasia"]
[Black "CORIAT 608, Caroline"]
[Result "1-0"]
[TimeControl "90 min +30 secondes par coup"]
[WhiteElo "2345"]
[BlackElo "1765"]

1. d4 d5 2. c4 e6 3. Nc3 a6 4. cxd5 exd5 5. Nf3 Nf6 6. Bg5 Be6 7. e3 Nbd7 8. Bd3 Bd6 9. Qc2 c6 10.
O-O Qc7 11. e4 dxe4 12. Nxe4 Nxe4 13. Bxe4 h6 14. Bh4 O-O 15. Rad1 f5 16. Bd3 g5 17. Rfe1 Bd5 18. Bxf5 gxh4 19.
Be6+ Kh8 20. Nxh4 Rf6 21. Bxd5 Bxh2+ 22. Kh1 cxd5 23. Ng6+ Kg7 24. Re7+ Rf7 25. Rxf7+ Kxf7 26. Qf5+ Kg7 27.
g3 Bxg3 28. fxg3 Nf6 29. Ne5 Ne4 30. Qg6+ Kh8 31. Nf7+ 1-0

[Event "TOP 12 FEMININ 2022 - Phase 1"]
[Site "MULHOUSE, France"]
[Date "2022.04.07"]
[Round "1.7"]
[White "BOUTANT 608, Jade"]
[Black "THOMAS  VAN, Anysia"]
[Result "0-1"]
[TimeControl "90 min +30 secondes par coup"]
[WhiteElo "1700"]
[BlackElo "2128"]

1. d4 Nf6 2. Bf4 b6 3. e3 g6 4. Nf3 Bg7 5. Bd3 Bb7 6. Nbd2 O-O 7. O-O d6 8. e4 c5 9. c3 e5 10.
Be3 exd4 11. cxd4 cxd4 12. Bxd4 Nc6 13. Bc3 Ne5 14. Nxe5 dxe5 15. Qe2 Nh5 16. Bc4 Nf4 17. Qe3 Rc8 18. Rfd1 Qg5 19. Bf1 Ba6 20.
Qg3 Qxg3 21. hxg3 Ne2+ 22. Bxe2 Bxe2 23.
Re1 Bg4 24. Nf3 f6 25. Rad1 Rfd8 26. Kf1 Be6 27. Rxd8+ Rxd8 28. b3 Bc8 29. Bb2 Ba6+ 30. Kg1 Bf8 31. g4 h6 32. Bc3 Bc8 33.
Nh4 Kf7 0-1

[Event "TOP 12 FEMININ 2022 - Phase 1"]
[Site "MULHOUSE, France"]
[Date "2022.04.07"]
[Round "1.8"]
[White "STEIL-ANTONI  VAN, Fiona"]
[Black "PAROT DE SOUSA  608, Sophie"]
[Result "1-0"]
[TimeControl "90 min +30 secondes par coup"]
[WhiteElo "2189"]
[BlackElo "1416"]

1. e4 c6 2. d4 d5 3. exd5 cxd5 4. Bd3 Nf6 5. h3 e6 6. Nf3 Bd6 7. c3 O-O 8. O-O Nbd7 9. Re1 h6 10.
Ne5 Qc7 11. Bf4 a6 12. Nd2 b5 13. Nf1 Bb7 14. Rc1 Rac8 15. Bb1 g5 16. Bh2 Kg7 17. Qd3 Ne4 18. f3 Nxe5 19. dxe5 Bxe5 20.
Bxe5+ Qxe5 21. fxe4 dxe4 22. Qe3 f5 23. Rcd1 Rfd8 24. Qb6 Rxd1 25. Rxd1 Rc7 26. Rd6 Re7 27. Qd8 Qc5+ 28. Kh2 Kf7 29.
Rd7 Bc6 30. Rxe7+ Qxe7 31. Qh8 Qf8 32. Qe5 Qa8 33. Ng3 e3 34. Nh5 Bxg2 35. Qg7+ Ke8 36. Nf6+ 1-0

[Event "TOP 12 FEMININ 2022 - Phase 1"]
[Site "MULHOUSE, France"]
[Date "2022.04.07"]
[Round "1.9"]
[White "ARMAS LES, Lara-Maria"]
[Black "BATSIASHVILI JUV, Nino"]
[Result "0-1"]
[TimeControl "90 min +30 secondes par coup"]
[WhiteElo "1901"]
[BlackElo "2463"]

1. d4 Nf6 2. c4 e6 3. Nc3 Bb4 4. Qc2 O-O 5. Bg5 h6 6. Bh4 c5 7. e3 cxd4 8. exd4 d5 9. cxd5 exd5 10.
Bd3 Nc6 11. Nge2 Be6 12. O-O Bd6 13. Bf5 Qd7 14. Bxe6 fxe6 15. Rae1 Nh5 16. Qg6 Rf5 17. g4 Nf4 18. Nxf4 Rxf4 19.
Qxe6+ Qxe6 20. Rxe6 Rxg4+ 21. Bg3 Rd8 22. Nxd5 Bxg3 23. Ne3 Bxf2+ 24. Kxf2 Rgxd4 25. Rg1 Rf4+ 26. Kg3 Rf7 27. h4 Nd4 28.
Re4 Ne2+ 29. Kg2 Nxg1 30. Kxg1 h5 31. Nc4 b5 32. Ne3 Rd2 33. Re5 Rxb2 34. Rxh5 Re7 35. Nf1 Re1 36. Rf5 Rxa2 37.
Rxb5 Raa1 38. Rf5 a5 39. Kg2 Rxf1 40. Rxf1 0-1

[Event "TOP 12 FEMININ 2022 - Phase 1"]
[Site "MULHOUSE, France"]
[Date "2022.04.07"]
[Round "1.10"]
[White "SALVADOR JUV, Lucie"]
[Black "BISMUTH LES, Lea"]
[Result "1/2-1/2"]
[TimeControl "90 min +30 secondes par coup"]
[WhiteElo "1979"]
[BlackElo "1957"]

1. c4 g6 2. Nc3 Bg7 3. g3 e5 4. Bg2 d6 5. e3 Nf6 6. Nge2 O-O 7. O-O Re8 8. d4 exd4 9. Nxd4 Nbd7 10.
Bd2 Ne5 11. Qb3 Bd7 12. Nd5 a5 13. Bc3 Nxd5 14. cxd5 Qc8 15. Rfd1 a4 16. Qc2 Bh3 17. Nb5 Bf5 18. Qc1 Re7 19.
Nd4 Bg4 20. Rd2 h5 21. Qf1 a3 22. h3 Bf5 23. e4 Bd7 24. f4 c5 25. Nc2 axb2 26. Bxb2 Nf3+ 27. Qxf3 Bxb2 28. Rb1 Bg7 29.
Ne3 b5 30. Kh2 c4 31. f5 Ra3 32. f6 Rxe3 33. Qxe3 Bxf6 34. Rf1 Be5 35. Qg5 Qf8 36. Bf3 Bg7 37. Rdf2 Bh6 38. Qf6 Bg7 39.
Qxd6 Be5 40. Qb4 h4 41. Rg2 Bxg3+ 42. Rxg3 hxg3+ 43. Kxg3 Qb8+ 44. Kg2 Qe5 45. Qc5 Qg5+ 46. Kh2 Qh4 47.
Bg2 Re5 48. Qc7 Qe7 49. d6 Qe6 50. Re1 Rh5 51. Re3 Qe5+ 52. Kh1 Qe6 53. a3 Kg7 54. Kh2 Rh8 55. Qc5 Rc8 56. Qd4+ Kg8 57.
e5 Qf5 58. Rf3 Qc2 59. Qd5 Rf8 60. Qb7 Bf5 61. Qxb5 Be4 62. Rg3 c3 63. Qc4 Bf5 64. Qxc3 Qa4 65. Qf3 Be6 66. Qf6 Qc2 67.
h4 Qd1 68. Bf3 Qd2+ 69. Rg2 Qd3 70. h5 Bf5 71. Be2 Qh3+ 72. Kg1 Qe3+ 73. Kh2 Qh3+ 74. Kg1 Qe3+ 75. Kh2 Qh3+ 76. Kg1 1/2-1/2

[Event "TOP 12 FEMININ 2022 - Phase 1"]
[Site "MULHOUSE, France"]
[Date "2022.04.07"]
[Round "1.11"]
[White "LE BAIL  LES, Clara"]
[Black "FORTUIT  JUV, Emilie"]
[Result "1-0"]
[TimeControl "90 min +30 secondes par coup"]
[WhiteElo "1960"]
[BlackElo "1954"]

1. e4 c5 2. c3 d5 3. exd5 Qxd5 4. d4 Nf6 5. Nf3 Bg4 6. Be2 Nc6 7. h3 Bh5 8. Be3 cxd4 9. cxd4 e6 10.
Nc3 Qd6 11. O-O Be7 12. Rc1 O-O 13. Qb3 Qb4 14. Qxb4 Nxb4 15. g4 Bg6 16. Ne5 Rfd8 17. Bf3 Nd3 18. Nxd3 Bxd3 19. Rfd1 Ba6 20.
g5 Ne8 21. d5 e5 22. Ne4 Nd6 23. Nxd6 Bxd6 24. Bc5 Bxc5 25. Rxc5 Rd6 26. Rc7 f5 27. gxf6 Rxf6 28. Bg2 Kf8 29.
Re1 Re8 30. Be4 h6 31. b4 Re7 32. Rec1 Rd6 33. a4 b5 34. a5 Rdd7 35. R7c5 Kf7 36. R1c3 g5 37. Rf3+ Kg7 38. Rc6 Bb7 39.
Rg6+ Kh8 40. Rf8+ Kh7 41. Rxg5# 1-0

[Event "TOP 12 FEMININ 2022 - Phase 1"]
[Site "MULHOUSE, France"]
[Date "2022.04.07"]
[Round "1.12"]
[White "FRETEL JUV, Liza"]
[Black "WOLHERS-ARMAS  LES, Rike"]
[Result "1-0"]
[TimeControl "90 min +30 secondes par coup"]
[WhiteElo "1946"]
[BlackElo "1972"]

1. e4 c5 2. Nc3 Nc6 3. Bb5 Nd4 4. Bc4 e6 5. Nge2 a6 6. a4 Nf6 7. O-O d5 8. exd5 exd5 9. Ba2 Bg4 10.
d3 Be7 11. f3 Nxe2+ 12. Nxe2 Bd7 13. c3 O-O 14. d4 b5 15. dxc5 Bxc5+ 16. Kh1 bxa4 17. Bg5 Bb5 18. Qc2 Re8 19.
Rae1 Re6 20. Nf4 Bxf1 21. Nxe6 fxe6 22. Rxf1 Qd7 23. Bb1 Re8 24. Rd1 Re7 25. Ba2 Qc6 26. Re1 a3 27. bxa3 Bxa3 28.
c4 d4 29. c5 Bxc5 30. Rc1 Rc7 31. Bf4 Rc8 32. Be5 Qd7 33. Bxf6 gxf6 34. Qf5 Kf7 35. Qxh7+ Ke8 36. Qg8+ Bf8 37.
Qg6+ Ke7 38. Re1 Rc6 39. h4 d3 40. Qh7+ Kd8 41. Qe4 d2 42. Rd1 Rc1 43. Bb3 Qd6 44. Ba4 f5 45. Qa8+ Ke7 46.
Qb7+ Kf6 47. Qb2+ Qe5 48. Qxd2 Rc4 49. Qg5+ Kf7 50. Rd7+ 1-0

[Event "TOP 12 FEMININ 2022 - Phase 1"]
[Site "MULHOUSE, France"]
[Date "2022.04.07"]
[Round "1.13"]
[White "KOVACS  STR, Klara"]
[Black "TERRAZZONI  DOM, Claire"]
[Result "1-0"]
[TimeControl "90 min +30 secondes par coup"]
[WhiteElo "2117"]
[BlackElo "1794"]

1. d4 d5 2. Nf3 Nf6 3. g3 e6 4. Bg2 Be7 5. O-O O-O 6. c4 dxc4 7. Qc2 a6 8. Qxc4 b5 9. Qc2 Bb7 10.
Rd1 Be4 11. Qb3 Nbd7 12. Nc3 Bb7 13. Bf4 c5 14. dxc5 Bxc5 15. Ne5 Bxg2 16. Kxg2 Qe8 17. Nxd7 Nxd7 18. Ne4 e5 19. Bh6 Bd4 20.
Rac1 Nc5 21. Qf3 Qc6 22. Nf6+ Qxf6 23. Qxf6 gxf6 24. Bxf8 Kxf8 25. Rxd4 exd4 26. Rxc5 Ke7 27. Rc6 a5 28.
Kf3 Rd8 29. Ke4 Rg8 30. Kxd4 Rd8+ 31. Ke3 Rd5 32. g4 Re5+ 33. Kf3 Rd5 34. Rb6 b4 35. a3 bxa3 36. bxa3 Rc5 37. Rb3 Ke6 38.
e3 Ke5 39. Rb7 Ke6 40. Ra7 Rd5 41. Kf4 Rc5 42. Ra6+ Ke7 43. h4 Rc4+ 44. e4 Rc5 45. f3 Rb5 46. Ra8 h5 47. g5 fxg5+ 48. hxg5 Rc5 49. Ra7+ Ke6 50. Ra6+ Ke7 51. g6 fxg6 52. Rxg6 Rc3 53. Rh6 Rxa3 54. Rxh5 a4 55. Ra5 Ra1 56.
Ke5 a3 57. Ra7+ Kd8 58. f4 a2 59. f5 Ke8 60. Ke6 Kd8 61. e5 1-0

[Event "TOP 12 FEMININ 2022 - Phase 1"]
[Site "MULHOUSE, France"]
[Date "2022.04.07"]
[Round "1.14"]
[White "LE MAREC  DOM, Laura"]
[Black "ROOS  STR, Louise"]
[Result "1-0"]
[TimeControl "90 min +30 secondes par coup"]
[WhiteElo "1770"]
[BlackElo "1803"]

1. c4 e6 2. e4 c5 3. Nc3 Nc6 4. Nf3 a6 5. d4 cxd4 6. Nxd4 Qc7 7. Be3 Nf6 8. g3 Be7 9. Bg2 O-O 10.
O-O Rb8 11. Qe2 b6 12. Rac1 Bc5 13. Nxc6 dxc6 14. Bxc5 bxc5 15. e5 Nd7 16. f4 a5 17. b3 Nb6 18. Ne4 Ba6 19. Kh1 Rbd8 20.
Nxc5 Bb7 21. Rcd1 Ba8 22. Rd2 Qe7 23. Ne4 c5 24. Nd6 Qa7 25. Rfd1 a4 26. Nb5 Rxd2 27. Qxd2 Qe7 28. Bxa8 Rxa8 29.
Qd6 Qb7+ 30. Kg1 h6 31. Qxc5 axb3 32. a3 Qf3 33. Rf1 Qd3 34. Qxb6 Qxc4 35. Nd6 Qc2 36. Qf2 Qc3 37. Qf3 Qd4+ 38.
Kg2 Rb8 39. Rb1 Qd2+ 40. Qf2 Qd3 41. Rb2 Qa6 42. Qc5 Qa8+ 43. Kg1 Qf3 44. a4 Ra8 45. Qb5 Qe3+ 46. Kg2 Qd4 47. Rxb3 Rxa4 48.
Rb2 Ra1 49. Rf2 Qd1 50. Qe2 Qd5+ 51. Kh3 Qc5 52. Qb2 Rd1 53. Qc2 Qe3 54. Qc8+ Kh7 55. Qc2+ Kg8 56. Re2 Qd4 57. Qe4 Qa7 58.
Rc2 g6 59. Rc8+ Kg7 60. Ne8+ Kh7 61. Nf6+ 1-0

[Event "TOP 12 FEMININ 2022 - Phase 1"]
[Site "MULHOUSE, France"]
[Date "2022.04.07"]
[Round "1.15"]
[White "OLGUIN  STR, Monica"]
[Black "GIROD  DOM, Sarah"]
[Result "1-0"]
[TimeControl "90 min +30 secondes par coup"]
[WhiteElo "1674"]
[BlackElo "1507"]

1. e4 e6 2. d4 d5 3. exd5 exd5 4. Bd3 Nc6 5. c3 Bd6 6. Ne2 Nge7 7. Qc2 Be6 8. Bf4 h6 9. Nd2 g5 10.
Bxd6 Qxd6 11. O-O-O O-O-O 12. Nb3 f6 13. Nc5 Bf7 14. h3 Rhg8 15. Qb3 b6 16. Ba6+ Kb8 17. Nb7 Qe6 18.
Nxd8 Rxd8 19. Rhe1 Qe4 20. Rg1 Na5 21. Qc2 Qe6 22. Bd3 Bg6 23. Bxg6 Nxg6 24. Qxg6 Qxe2 25. Qc2 Qe7 26. Rge1 Qd6 27.
Qf5 Nc4 28. Re6 Qd7 29. Qxf6 Qa4 30. Qxd8+ Kb7 31. Qxd5+ Ka6 32. b3 Qa3+ 33. Kc2 Qxa2+ 34. Kd3 Nb2+ 35. Ke4 Nxd1 36. Qc4+ Kb7 37.
Qc6+ Ka6 38. Qa4+ Qxa4 39. bxa4 Nxc3+ 40. Kf5 Nd5 41. Rxh6 Ka5 42. Kxg5 Kxa4 43. f4 c5 44. dxc5 bxc5 45.
Ra6+ Kb5 46. Rxa7 c4 47. f5 c3 48. f6 c2 49. Ra1 1-0

[Event "TOP 12 FEMININ 2022 - Phase 1"]
[Site "MULHOUSE, France"]
[Date "2022.04.07"]
[Round "1.16"]
[White "LANGER  DOM, Karele"]
[Black "SCHMITT  STR, Eleonre"]
[Result "1-0"]
[TimeControl "90 min +30 secondes par coup"]
[WhiteElo "1476"]
[BlackElo "1463"]

1. d4 d5 2. c4 c6 3. cxd5 cxd5 4. Nc3 Nc6 5. Bf4 a6 6. e3 Nf6 7. Bd3 Bg4 8. f3 Bh5 9. Rc1 Rc8 10.
Nge2 e6 11. Bg5 Be7 12. Nf4 Bg6 13. Nxg6 hxg6 14. a3 Bd6 15. f4 b5 16. O-O Be7 17. b4 Nh7 18. Qc2 O-O 19. Bxe7 Nxe7 20.
Qe2 Nf6 21. Qf3 Rc6 22. h4 Qc7 23. Ne2 Nc8 24. g4 Nd6 25. h5 Nde4 26. Rxc6 Qxc6 27. Rc1 Qd6 28. hxg6 fxg6 29. g5 Nd2 30.
Qh3 Nfe4 31. Ng3 Nxg3 32. Qxg3 Kf7 33. Qg2 Nc4 34. Rc3 Rh8 35. Qc2 Rh3 36. Bxg6+ Ke7 37. Qf2 Qd8 38. f5 exf5 39.
Qxf5 Rxe3 40. Rxe3+ Nxe3 41. Qe5+ 1-0

[Event "TOP 12 FEMININ 2022 - Phase 1"]
[Site "MULHOUSE, France"]
[Date "2022.04.07"]
[Round "1.17"]
[White "GUICHARD  ASN, Pauline"]
[Black "KOSTENIUK  CLI, Alexandra"]
[Result "1-0"]
[TimeControl "90 min +30 secondes par coup"]
[WhiteElo "2371"]
[BlackElo "2516"]

1. d4 Nf6 2. c4 e6 3. Nc3 Bb4 4. Bd2 O-O 5. e3 b6 6. Nf3 d5 7. cxd5 exd5 8. Bd3 Re8 9. Ne5 Bd6 10.
f4 c5 11. O-O Bb7 12. Be1 Nc6 13. Bf2 a6 14. Qf3 Ne7 15. Rae1 Ng6 16. h4 Ne4 17. Nxe4 dxe4 18. Bxe4 Bxe4 19.
Qxe4 cxd4 20. exd4 Bb4 21. Rd1 f6 22. h5 Nh8 23. Qf3 fxe5 24. Qb3+ Nf7 25. fxe5 Be7 26. Be3 Rf8 27. Rf3 Ra7 28.
Rdf1 Bg5 29. e6 Bf6 30. h6 Qe8 31. hxg7 Bxg7 32. Qxb6 Re7 33. exf7+ Rfxf7 34. Rxf7 Rxf7 35. Qb3 Kf8 36.
Qxf7+ Qxf7 37. Rxf7+ Kxf7 38. Kf2 Ke6 39. Ke2 Kd5 40. Kd3 h5 41. b4 Bf6 42. a4 Bd8 43. Bf4 Be7 44. b5 axb5 45.
axb5 Bd8 46. Be5 Ba5 47. Bf6 Bb6 48. Ke3 Bc7 49. Be5 Bd8 50. Kf4 h4 51. Kf5 Kc4 52. Bf6 Bc7 53. Kg4 Kxb5 54.
Kxh4 Kc4 55. Kg4 Kd5 56. Kf5 Bg3 57. Be5 1-0

[Event "TOP 12 FEMININ 2022 - Phase 1"]
[Site "MULHOUSE, France"]
[Date "2022.04.07"]
[Round "1.18"]
[White "KASHLINSKAYA  CLI, Alina"]
[Black "NICOARA  ASN, Malina"]
[Result "1-0"]
[TimeControl "90 min +30 secondes par coup"]
[WhiteElo "2490"]
[BlackElo "2064"]

1. e4 c5 2. Nf3 Nc6 3. d4 cxd4 4. Nxd4 g6 5. c4 Bg7 6. Be3 Nf6 7. Nc3 d6 8. Be2 O-O 9. O-O Bd7 10.
Qd2 Nxd4 11. Bxd4 Bc6 12. f3 a5 13. b3 Nd7 14. Be3 Nc5 15. Rac1 Qb6 16. Nb5 Rfc8 17. Rfd1 Qd8 18. Nd4 Qf8 19.
Bf1 h5 20. g3 Kh7 21. Nxc6 Rxc6 22. Bg2 f5 23. exf5 Qxf5 24. f4 Rc7 25. Qe2 Re8 26. Rd5 Qf8 27. f5 1-0

[Event "TOP 12 FEMININ 2022 - Phase 1"]
[Site "MULHOUSE, France"]
[Date "2022.04.07"]
[Round "1.19"]
[White "MOINGT  ASN, Anne"]
[Black "BENMESBAH CLI, Natacha"]
[Result "0-1"]
[TimeControl "90 min +30 secondes par coup"]
[WhiteElo "2036"]
[BlackElo "2244"]

1. e4 d6 2. d4 Nf6 3. Bd3 e5 4. c3 d5 5. dxe5 Nxe4 6. Nf3 Nc6 7. Nbd2 Nc5 8.
Bc2 Bg4 9. O-O Be7 10. Re1 Ne6 11. Nb3 Bh5 12. Bf5 a5 13. a4 Bg6 14. Qd3 Qd7 15. Be3 Rd8 16. Bxg6 hxg6 17. Qb5 b6 18. Rad1 Nb8 19. Qxd7+ Rxd7 20. Nfd4 c5 21. Nb5 g5 22. f3 Rh4 23.
g4 Kf8 24. Nd2 Rh6 25. Nf1 Nc6 26. Bc1 Nf4 27. c4 d4 28. Bxf4 gxf4 29. Re4 g5 30. Nc3 dxc3 31. Rxd7 c2 32. Re1 Nxe5 33. Rxe7 Kxe7 34. Nd2 Re6 35. Rc1 Rd6 0-1

[Event "TOP 12 FEMININ 2022 - Phase 1"]
[Site "MULHOUSE, France"]
[Date "2022.04.07"]
[Round "1.20"]
[White "AFRAOUI CLI, Anaelle"]
[Black "STRASSER ASN, Arevik"]
[Result "1-0"]
[TimeControl "90 min +30 secondes par coup"]
[WhiteElo "2108"]
[BlackElo "1543"]

1. e4 e5 2. Nf3 Nc6 3. Bb5 a6 4. Ba4 Nf6 5. O-O Be7 6. Re1 b5 7. Bb3 d6 8. c3 O-O 9. h3 Na5 10.
Bc2 c5 11. d4 Qc7 12. Nbd2 Bd7 13. Nf1 Rfe8 14. Ng3 Bf8 15. Bg5 Be7 16. d5 h6 17. Be3 c4 18. a4 Nb7 19. Nh4 Bf8 20.
Nhf5 Kh7 21. Qf3 Qd8 22. axb5 Bxb5 23. Nf1 g6 24. N5g3 Bg7 25. Nd2 Qe7 26. Qe2 Rec8 27. Ra2 Qd7 28.
Rea1 a5 29. Ba4 Bxa4 30. Rxa4 Nc5 31. Bxc5 Rxc5 32. Nxc4 Rb8 33. Rxa5 Rc7 34. Ra6 Ne8 35. Na5 Rb5 36. Nc6 Rcb7 37.
b4 Nc7 38. Ra7 Qc8 39. Rxb7 Rxb7 40. c4 Bf8 41. Qc2 Rb6 42. c5 Ra6 43. Ra5 Rxa5 44. Nxa5 Qa6 45. cxd6 Bxd6 46. Qc6 Qxc6 47.
Nxc6 Kg7 48. Kf1 Kf8 49. Ke2 Ke8 50. Kd3 Kd7 51. Kc4 Kc8 52. b5 Na8 53. Ne2 Kc7 54. Nc3 h5 55. Na4 Bf8 56.
Nxe5 1-0

[Event "TOP 12 FEMININ 2022 - Phase 1"]
[Site "MULHOUSE, France"]
[Date "2022.04.07"]
[Round "1.21"]
[White "BULMAGA CAN, Irina"]
[Black "SEBAG  BIS, Marie"]
[Result "0-1"]
[TimeControl "90 min +30 secondes par coup"]
[WhiteElo "2379"]
[BlackElo "2461"]

1. e4 c5 2. Nf3 d6 3. d4 cxd4 4. Nxd4 Nf6 5. Nc3 a6 6. Bg5 Nbd7 7. Qe2 h6 8. Bh4 g6 9. f4 e5 10.
O-O-O exd4 11. e5 dxc3 12. exf6+ Ne5 13. fxe5 Be6 14. Qf3 cxb2+ 15. Kb1 Qc7 16. Bg3 dxe5 17. Qe4 Rc8 18. Bd3 Bxa2+ 19. Kxb2 Be6 20. Qa4+ Bd7 21. Qb3 Bd6 22. Be4 Be6 23. Bd5 Bf5 24. Bxf7+ Qxf7 25. Qxf7+ Kxf7 26. Rxd6 Rxc2+ 27. Kb3 Rhc8 28.
Bxe5 Be6+ 29. Kb4 R8c4+ 30. Ka3 Re4 31. Bd4 Rd2 32. Rxe6 Kxe6 33. Ba1 Re3+ 34. Kb4 Re4+ 35. Kb3 Rd3+ 36.
Kc2 Rd7 37. Rf1 Re2+ 38. Kb3 Rxg2 39. Rc1 Rxh2 40. Rc8 Rh1 41. Bb2 Rb1 0-1

[Event "TOP 12 FEMININ 2022 - Phase 1"]
[Site "MULHOUSE, France"]
[Date "2022.04.07"]
[Round "1.22"]
[White "JAVAKHISHVILI  BIS, Lela"]
[Black "BENSDORP-DE LABACA CAN, Marlies"]
[Result "1-0"]
[TimeControl "90 min +30 secondes par coup"]
[WhiteElo "2482"]
[BlackElo "2234"]

1. d4 d5 2. c4 e6 3. Nc3 Be7 4. Bf4 Nf6 5. e3 O-O 6. Nf3 c6 7. Qc2 Nbd7 8. cxd5 exd5 9. Bd3 Re8 10.
O-O Nf8 11. h3 Ng6 12. Ne5 Bd6 13. Nxg6 hxg6 14. Bg5 Be7 15. Bxf6 Bxf6 16. b4 a6 17. Na4 Qd6 18. Rab1 Bd8 19.
Qc5 Bc7 20. Qxd6 Bxd6 21. Rfc1 Bf5 22. Bxf5 gxf5 23. g3 Re7 24. Nc5 Kf8 25. a4 Ke8 26. Nd3 Rc7 27. Kg2 Kd7 28. Kf3 b6 29.
g4 fxg4+ 30. hxg4 Rh8 31. Rh1 Rcc8 32. Ke2 Rce8 33. f4 g6 34. g5 Ke6 35. Rbc1 Kd7 36. Kf3 Rc8 37. e4 dxe4+ 38. Kxe4 Rce8+ 39. Ne5+ Bxe5 40. fxe5 b5 41. a5 Rc8 42. Rcf1 Ke7 43. Rh6 Rxh6 44. gxh6 Rh8 45. Rf6 Rxh6 46.
Rxc6 Rh1 47. Rxa6 Rb1 48. Ra7+ Kf8 49. a6 Rxb4 50. Rb7 Ra4 51. a7 Kg7 52. e6 Kf6 53. exf7 1-0

[Event "TOP 12 FEMININ 2022 - Phase 1"]
[Site "MULHOUSE, France"]
[Date "2022.04.07"]
[Round "1.23"]
[White "SABIANI  CAN, Chjara"]
[Black "MAISURADZE  BIS, Nino"]
[Result "0-1"]
[TimeControl "90 min +30 secondes par coup"]
[WhiteElo "1793"]
[BlackElo "2202"]

1. d4 d5 2. c4 e6 3. Nc3 Nf6 4. cxd5 exd5 5. Bg5 c6 6. Qc2 Be7 7. e3 O-O 8. Bd3 Nbd7 9. Nf3 Re8 10.
O-O Nf8 11. Rab1 a5 12. a3 Bd6 13. b4 Bg4 14. Nd2 Bh5 15. h3 Bg6 16. bxa5 Ra7 17. a6 Rxa6 18. e4 dxe4 19. Bxa6 bxa6 20. Be3 Nh5 21. Nc4 Bc7 22.
Qb3 Ne6 23. Rfd1 Nef4 24. Bxf4 Nxf4 25. Ne3 Qg5 26. Kf1 Bh5 27. Qb7 Qd8 28. Rd2 c5 29. d5 Be5 30. Rc2 Bd4 31. Qc6 Nd3 32.
Ne2 Ne5 33. Qb6 Qg5 34. Nxd4 cxd4 35. Qxd4 f5 36. Rc7 f4 37. Ng4 Bxg4 38. hxg4 f3 39. g3 Qh6 40. Ke1 e3 41. Qxe3 Qh1+ 42.
Kd2 Qxb1 43. Qg5 Qb2+ 44. Rc2 Qd4+ 45. Kc1 Nd3+ 46. Kb1 Rb8+ 47. Ka2 Rb2+ 0-1

[Event "TOP 12 FEMININ 2022 - Phase 1"]
[Site "MULHOUSE, France"]
[Date "2022.04.07"]
[Round "1.24"]
[White "BELLAHCENE BIS, Sofia"]
[Black "SOREDA  CAN, Elisa"]
[Result "1-0"]
[TimeControl "90 min +30 secondes par coup"]
[WhiteElo "1840"]
[BlackElo "1655"]

1. e4 d5 2. exd5 Qxd5 3. Nc3 Qd8 4. Bb5+ c6 5. Bc4 Nf6 6. d3 Bg4 7. f3 Bf5 8. Qe2 e6 9. g4 Bg6 10.
Nh3 Bc5 11. Nf4 O-O 12. h4 e5 13. Nxg6 hxg6 14. Bg5 a5 15. h5 gxh5 16. Rxh5 Qd4 17. Rh1 Nd5 18. O-O-O f6 19. Nxd5 cxd5 20.
c3 Qf2 21. Bxd5+ Rf7 22. Qxf2 Bxf2 23. Rdf1 Bc5 24. Rh8+ Kxh8 25. Bxf7 Be3+ 26. Bxe3 g5 27. Bd5 Nc6 28. Rh1+ Kg7 29.
Be4 Rh8 30. Rxh8 Kxh8 31. Bxc6 bxc6 32. a4 1-0